Map: Pillars of Gold LE

Players

RiSky

  • Race: Zerg Zerg
  • League: Master
  • Spawn Location: 1:00

Neeblet (Neeb) - Winner!

  • Race: Protoss Protoss
  • Spawn Location: 7:00

Event: DreamHack SC2 Masters 2020 Summer Season Finals

VOD

Have the link to the VOD?

Description

Time

  • Played on: July 16, 2020, 12:45 p.m.
  • Length: 15:40

All games in this series

Show
View Real Time Build Order
Export as new Build Order

RiSky Zerg 

Build Orders: Hatch First 

Get SALT Encoding   

  12  0:00  Drone  
  13  0:12  Overlord  
  13  0:17  Drone  
  14  0:30  Drone  
  14  0:31  Drone  
  16  0:44  Drone  
  17  0:53  Hatchery  
  17  0:56  Drone  
  17  1:01  Drone  
  18  1:11  Extractor  
  18  1:16  Spawning Pool  
  16  1:18  Drone  
  16  1:22  Drone  
  18  1:28  Drone  
  19  1:39  Drone  
  20  1:50  Overlord  
  20  2:02  Queen  
  20  2:05  Zergling x4, Queen  
  26  2:12  Drone  
  27  2:15  Metabolic Boost  
  27  2:16  Drone  
  27  2:22  Drone  
  29  2:34  Drone  
  30  2:42  Hatchery  
  29  2:46  Drone  
  29  2:49  Queen  
  32  2:53  Overlord  
  32  2:59  Spore Crawler  
  32  3:03  Drone x2  
  32  3:11  Zergling x2  
  32  3:12  Drone x2  
  35  3:14  Drone x2  
  35  3:17  Drone  
  39  3:20  Zergling x2  
  39  3:24  Overlord  
  39  3:26  Spore Crawler  
  39  3:31  Queen  
  41  3:35  Drone x2  
  41  3:40  Overlord  
  43  3:46  Drone x4  
  47  3:51  Overlord  
  47  3:59  Drone  
  47  4:02  Drone x3  
  51  4:04  Spore Crawler  
  51  4:05  Queen  
  51  4:09  Spore Crawler  
  51  4:12  Zergling x2  
  51  4:13  Drone, Zergling x2  
  54  4:17  Evolution Chamber  
  54  4:18  Drone  
  54  4:25  Drone x2  
  54  4:28  Drone  
  57  4:32  Overlord x2  
  57  4:35  Overlord  
  57  4:37  Overlord  
  57  4:39  Overlord  
  57  4:47  Zerg Melee Weapons Level 1  
  57  4:50  Drone, Queen  
  57  4:52  Drone x3  
  63  4:54  Drone  
  63  4:56  Drone  
  63  4:57  Drone  
  66  5:00  Drone  
  66  5:01  Drone x2  
  66  5:03  Drone x2  
  66  5:06  Drone  
  66  5:07  Drone x2  
  73  5:13  Zergling x4  
  73  5:16  Drone, Queen  
  75  5:25  Drone x3  
  75  5:26  Zergling x2  
  75  5:27  Zergling x6  
  82  5:29  Drone x2  
  82  5:30  Drone  
  82  5:32  Drone  
  82  5:33  Extractor  
  82  5:35  Extractor  
  84  5:38  Roach Warren, Drone x2  
  84  5:42  Drone x3  
  87  5:45  Lair  
  87  5:47  Drone  
  87  5:48  Drone  
  89  5:53  Drone  
  89  5:55  Drone  
  91  5:59  Drone x3  
  91  6:01  Drone  
  91  6:04  Extractor  
  94  6:06  Extractor  
  94  6:08  Overlord  
  90  6:12  Drone  
  90  6:13  Drone x2  
  90  6:14  Drone  
  94  6:19  Drone x2  
  94  6:21  Drone  
  94  6:25  Drone x3  
  97  6:27  Drone  
  97  6:30  Drone  
  98  6:37  Roach x4  
  105  6:43  Zerg Melee Weapons Level 2, Extractor  
  105  6:44  Glial Reconstitution  
  105  6:45  Hatchery  
  103  6:48  Roach  
  103  6:49  Overlord x3  
  104  6:54  Overlord  
  104  6:55  Roach  
  104  6:57  Roach  
  104  6:59  Ravager x2  
  104  7:02  Roach  
  104  7:07  Roach x3  
  104  7:08  Roach, Zergling x6  
  116  7:17  Roach x4  
  123  7:26  Roach  
  123  7:27  Roach x2  
  129  7:31  Roach x2  
  129  7:35  Roach x3  
  133  7:41  Roach x4  
  136  7:47  Zergling x6  
  136  7:48  Spore Crawler  
  136  7:50  Spore Crawler  
  137  7:52  Overlord  
  137  7:53  Overlord x2  
  137  7:55  Drone  
  138  7:58  Baneling Nest  
  138  8:03  Drone x2  
  138  8:04  Overlord  
  139  8:09  Drone x5  
  139  8:10  Pneumatized Carapace  
  139  8:11  Overlord  
  144  8:17  Drone x7  
  151  8:21  Ravager  
  151  8:22  Overseer  
  151  8:23  Ravager  
  151  8:24  Drone x2  
  155  8:28  Zergling x4  
  155  8:32  Zergling x2  
  158  8:37  Zergling x10  
  158  8:39  Ravager x3  
  158  8:40  Zergling x4  
  167  8:44  Centrifical Hooks, Spore Crawler  
  167  8:45  Zergling x6  
  167  8:48  Zergling x2  
  170  8:49  Zergling x8  
  170  8:51  Zergling x2  
  170  8:53  Hatchery  
  174  8:58  Overlord x2  
  174  8:59  Zerg Missile Weapons Level 1  
  174  9:02  Infestation Pit, Zergling x4  
  175  9:07  Baneling x3, Zergling x2  
  175  9:08  Zergling x12  
  182  9:10  Baneling x8  
  182  9:11  Baneling x2  
  182  9:13  Zergling x4  
  182  9:15  Overlord  
  184  9:21  Baneling x8  
  184  9:22  Baneling x5  
  182  9:25  Zergling x4  
  182  9:26  Zergling x6  
  187  9:33  Zergling x2  
  187  9:34  Zergling x6  
  187  9:39  Zergling x6  
  187  9:41  Hive  
  187  9:42  Zergling x2  
  187  9:43  Spire  
  188  9:46  Zergling x4  
  188  9:50  Zergling x2  
  188  9:51  Zergling x16  
  198  9:53  Baneling x4  
  198  9:54  Baneling x4  
  198  9:58  Zergling x4  
  199  10:12  Hatchery, Zergling x8  
  199  10:16  Zergling x14  
  199  10:18  Zergling x10  
  200  10:28  Overseer  
  197  10:32  Overlord x3  
  189  10:45  Zergling x14  
  189  10:46  Zergling x4  
  198  10:51  Zergling x4  
  198  10:56  Adrenal Glands, Greater Spire  
  199  10:57  Zerg Melee Weapons Level 3  
  199  11:03  Baneling  
  198  11:04  Baneling x3  
  198  11:05  Baneling x15  
  198  11:07  Zergling x4  
  200  11:15  Zergling x12  
  195  11:21  Zergling x8  
  187  11:27  Zergling x20  
  187  11:32  Zergling x4  
  161  11:39  Ravager  
  163  11:40  Ravager, Corruptor x6  
  163  11:43  Zergling x10  
  180  11:50  Zergling x6  
  180  11:51  Baneling x6  
  180  11:53  Zergling x4  
  185  11:57  Zergling x8  
  188  12:03  Zergling x10  
  188  12:07  Zergling x6  
  196  12:10  Hatchery  
  196  12:14  Baneling  
  196  12:15  Baneling x18  
  195  12:17  Zergling x4  
  195  12:29  Zergling x8  
  200  12:30  Zergling x12  
  200  12:31  Baneling x9  
  189  12:40  Zergling x2  
  189  12:41  Zergling x12  
  194  12:50  Zergling x8  
  184  13:04  Brood Lord x4  
  176  13:11  Zergling x12  
  150  13:16  Zergling x4  
  130  13:20  Zergling x4  
  115  13:32  Hatchery  
  111  13:39  Drone x3  
  114  13:52  Hatchery  
  113  14:01  Zergling x8  
  116  14:07  Zergling x2  
  116  14:08  Zergling x6  
  120  14:11  Baneling x3  
  120  14:12  Baneling  
  120  14:20  Zergling x6  
  120  14:29  Zergling x6  
  120  14:38  Zergling x8  
  120  14:39  Zergling x2  
  120  14:43  Baneling x4  
  125  14:48  Zergling x6  
  128  14:54  Baneling x7  
  127  15:03  Zergling x10  
  129  15:13  Zergling x6  
  129  15:14  Zergling x2, Spire  
  133  15:16  Baneling  
  133  15:17  Baneling x4  
Show
View Real Time Build Order
Export as new Build Order

Neeblet Protoss - Winner!

Build Orders: 1 Gate Expand, Oracle Opening, Phoenix Opening, Archon Immortal 

Get SALT Encoding   

  12  0:00  Probe  
  13  0:13  Probe  
  14  0:19  Pylon  
  14  0:25  Probe  
  15  0:33  Probe  
  15  0:41  Probe  
  15  0:42  Gateway  
  17  0:53  Assimilator  
  17  0:54  Probe  
  18  1:06  Probe  
  19  1:18  Probe  
  20  1:29  Nexus  
  20  1:40  Cybernetics Core  
  20  1:43  Probe  
  21  1:50  Assimilator  
  21  1:55  Probe  
  21  1:57  Pylon  
  22  2:03  Probe  
  22  2:06  Adept  
  23  2:11  Probe  
  24  2:21  Probe  
  26  2:27  Stargate  
  26  2:28  Adept  
  27  2:33  Probe  
  30  2:40  Warp Gate  
  30  2:42  Probe  
  31  2:45  Probe  
  32  2:54  Probe  
  32  2:58  Probe  
  34  3:03  Gateway  
  34  3:05  Phoenix  
  34  3:07  Probe  
  34  3:10  Probe  
  36  3:19  Probe  
  39  3:22  Pylon, Probe  
  39  3:23  Oracle  
  40  3:31  Probe  
  45  3:34  Probe  
  45  3:38  Assimilator  
  45  3:42  Assimilator  
  45  3:43  Probe  
  45  3:46  Probe  
  47  3:53  Robotics Facility  
  47  3:55  Probe  
  48  3:58  Probe  
  48  3:59  Oracle  
  48  4:01  Pylon  
  49  4:07  Probe  
  53  4:10  Probe  
  54  4:19  Probe, Pylon  
  54  4:22  Probe  
  56  4:29  Adept x2  
  60  4:31  Probe  
  60  4:35  Pylon, Probe  
  60  4:38  Oracle  
  65  4:40  Immortal  
  66  4:48  Pylon  
  69  5:00  Nexus  
  69  5:04  Pylon  
  69  5:05  Probe  
  69  5:06  Probe  
  71  5:16  Immortal  
  71  5:17  Probe  
  71  5:18  Probe  
  71  5:21  Sentry x2  
  77  5:25  Pylon  
  81  5:29  Probe  
  81  5:30  Probe  
  83  5:36  Gateway  
  83  5:39  Forge  
  83  5:43  Probe  
  83  5:47  Twilight Council  
  83  5:48  Probe  
  85  5:51  Sentry x2  
  85  5:56  Probe  
  90  5:57  Shield Battery  
  90  5:58  Observer  
  90  6:00  Probe  
  91  6:08  Probe  
  93  6:12  Probe  
  93  6:13  Probe  
  93  6:16  Assimilator  
  93  6:17  Assimilator  
  91  6:20  Probe  
  91  6:21  Warp Prism  
  89  6:26  Protoss Ground Weapons Level 1  
  89  6:29  Probe x2  
  89  6:31  Charge  
  91  6:33  Stalker, Templar Archives  
  91  6:34  Stalker  
  91  6:36  Zealot  
  91  6:39  Probe  
  98  6:41  Probe  
  98  6:45  Gateway  
  99  6:47  Probe  
  99  6:49  Immortal  
  99  6:50  Gateway  
  99  6:52  Gateway  
  104  7:07  Gateway  
  104  7:08  Probe x2  
  105  7:10  Gateway  
  105  7:13  Pylon  
  106  7:19  High Templar  
  106  7:20  High Templar, Zealot  
  112  7:24  Warp Prism  
  112  7:25  Photon Cannon  
  112  7:27  Archon  
  112  7:35  Probe  
  107  7:39  Probe  
  107  7:43  Psionic Storm  
  107  7:44  Zealot x3  
  108  7:51  Probe  
  113  7:54  High Templar x3  
  113  7:56  Immortal  
  119  8:00  Probe x2  
  125  8:07  Pylon x2  
  125  8:09  Nexus  
  125  8:12  Pylon  
  125  8:15  Pylon  
  125  8:20  Pylon  
  125  8:22  Pylon  
  125  8:23  Photon Cannon  
  125  8:24  Protoss Ground Weapons Level 2  
  125  8:25  Probe x2  
  125  8:26  High Templar x2  
  131  8:28  High Templar x2, Zealot x2  
  131  8:33  Photon Cannon, Probe  
  140  8:37  Archon  
  140  8:39  High Templar x2  
  140  8:40  Probe x2  
  146  8:44  Archon  
  146  8:45  Probe  
  146  8:46  Immortal  
  151  8:54  Blink  
  151  8:56  Assimilator  
  151  9:00  Assimilator  
  151  9:04  Pylon  
  151  9:10  Zealot x5  
  161  9:24  Gateway  
  161  9:25  Gateway  
  161  9:26  Photon Cannon  
  157  9:38  Stalker  
  157  9:39  Stalker x2  
  157  9:40  High Templar x2  
  157  9:41  Zealot x3  
  173  9:50  Warp Prism  
  167  9:54  Gateway  
  167  9:55  Gateway  
  167  9:56  Photon Cannon  
  167  10:05  High Templar  
  167  10:06  High Templar x3  
  177  10:12  Archon  
  170  10:22  Probe  
  170  10:24  Immortal  
  167  10:32  Zealot x4  
  167  10:33  Zealot x2  
  175  10:49  High Templar x4, Zealot  
  181  10:50  Zealot  
  181  10:53  Photon Cannon  
  181  10:54  Archon  
  181  10:56  Gateway, Observer  
  183  10:58  Gateway  
  183  11:00  Pylon  
  183  11:02  Protoss Ground Weapons Level 3  
  184  11:06  Stalker  
  184  11:07  Stalker x5  
  164  11:34  Stalker x3, High Templar x4  
  174  11:46  Zealot  
  174  11:47  Zealot x4  
  178  11:48  Nexus  
  184  12:01  Pylon  
  182  12:02  Zealot  
  182  12:06  Dark Shrine  
  184  12:08  Zealot x2  
  184  12:09  Zealot x2  
  184  12:10  Zealot x2  
  196  12:16  Stalker  
  190  12:23  Stalker x3  
  190  12:25  Pylon  
  190  12:28  Pylon  
  195  12:36  Probe x2  
  171  12:52  Zealot  
  171  12:53  Zealot x6  
  171  12:57  Assimilator  
  184  12:58  Assimilator  
  176  13:11  Archon  
  152  13:14  High Templar x2  
  152  13:15  Stalker x4, High Templar x3  
  152  13:16  Stalker  
  150  13:26  Stalker x2  
  134  13:37  Photon Cannon  
  134  13:38  Photon Cannon, High Templar x2  
  134  13:40  Pylon  
  132  13:43  Immortal, Archon, High Templar  
  132  13:48  Stalker x3, Zealot x3  
  132  13:49  Photon Cannon, Zealot x4  
  132  13:50  Photon Cannon  
  132  13:51  Shadow Stride  
  150  14:04  High Templar  
  152  14:18  Photon Cannon, Observer  
  152  14:22  Photon Cannon  
  152  14:23  Photon Cannon  
  153  14:24  Shield Battery, High Templar x4  
  153  14:25  Sentry, High Templar x2  
  153  14:26  Stalker, Zealot x2  
  153  14:27  Zealot x3  
  153  14:30  Warp Prism, Archon x2  
  179  14:31  Archon  
  179  14:42  Zealot  
  183  14:48  Photon Cannon  
  183  14:49  Photon Cannon  
  183  14:50  Photon Cannon  
  183  14:51  Photon Cannon  
  183  14:53  Dark Templar  
  183  14:54  Dark Templar x2  
  183  14:57  Dark Templar  
  191  15:03  High Templar  
  191  15:05  Zealot x2  
  191  15:06  Zealot x2  
  199  15:08  Nexus  
  195  15:31  Pylon  
  195  15:32  Archon  
  195  15:33  Archon  
  195  15:34  Stalker x2  
  195  15:35  Stalker x7  
Tags
 
Add a new tag
Caveats
  • Supply blocks, unpowered buildings, or Contaminate may cause inaccurate times.
  • Supply counts are checked every 10 seconds.